 Dungeon Crawl Stone Soup version 0.27.1-3-gb3d3a73c9e (console) character file.

Game seed: 768023847494766408

184 Banquo the Skirmisher (level 5, -5/42 HPs)
             Began as a Djinni Hunter on Oct 8, 2021.
             Slain by a water moccasin (6 damage)
             ... on level 4 of the Dungeon.
             The game lasted 00:12:25 (5640 turns).

Banquo the Skirmisher (Djinni Hunter)               Turns: 5640, Time: 00:12:27

Health: -5/42      AC:  6    Str: 11    XL:     5   Next: 96%
Gold:   148        EV: 11    Int: 14    God:
                   SH:  0    Dex: 13

rFire    + + .     SeeInvis .   a - +2 hand axe (venom)
rCold    x . .     Faith    .   (no shield)
rNeg     . . .     Spirit   .   A - +0 leather armour
rPois    ∞         Reflect  .   (helmet currently unavailable)
rElec    .         Harm     .   e - +2 cloak
rCorr    .         Rampage  .   (no gloves)
Will     .....                  (boots unavailable)
Stlth    +.........             (no amulet)
HPRegen  0.14/turn              (no ring)
MPRegen  0.00/turn              (no ring)

@: mighty, brilliant, appendages (expiring), flying, studying Staves
A: horns 2, flying, sickness immunity, fire resistance 2, cold vulnerability 1,
float, innate caster, hp casting, extra vitality 1
a: End Transformation


You were on level 4 of the Dungeon.
You had temporarily grown beastly horns.
You visited 1 branch of the dungeon, and saw 4 of its levels.

You collected 148 gold pieces.

Inventory:

Hand Weapons
 a - a +2 hand axe of venom (weapon)
 b - a +5 dagger
 i - a +0 dagger
 n - a +0 spear
 r - a +0 short sword
 y - a +0 whip of holy wrath
Missiles
 c - 6 javelins (quivered)
 d - 2 throwing nets
 j - 30 stones
 l - 3 boomerangs
Armour
 e - a +2 cloak (worn)
 h - a +1 helmet (melded)
 A - a +0 leather armour (worn)
Wands
 p - a wand of flame (12)
Scrolls
 m - a scroll of noise
 o - a scroll of enchant weapon
 z - 2 scrolls of enchant armour
Potions
 g - a potion of flight
 s - a potion of lignification
 t - a potion of attraction


   Skills:
 * Level 4.7 Fighting
 - Level 3.2 Throwing
 - Level 2.1 Dodging
 - Level 0.7 Stealth
 * Level 2.0 Spellcasting


You had 5 spell levels left.
You knew the following spells:

 Your Spells              Type           Power      Damage    Failure   Level
a - Beastly Appendage     Tmut           20%        N/A       13%         1
b - Slow                  Hex            10%        N/A       21%         2
Your spell library was empty.

Dungeon Overview and Level Annotations

Branches:
Dungeon (4/15)
 Temple: D:4-7

Altars:


Innate Abilities, Weirdness & Mutations

You have temporarily grown beastly horns.
You are flying.
You are immune to sickness and miasma.
You are immune to poison.
Your flesh is very heat resistant. (rF++)
You are vulnerable to cold. (rC-)
You float through the air rather than walking.
You learn spells naturally, not from books.
Your magical power is your life essence.
You have superior vitality. (+4 HP)


Message History

The water moccasin bites you but does no damage.
The water moccasin barely misses you.
You barely miss the water moccasin.
The water moccasin is lightly wounded.
The water moccasin bites you but does no damage.
You slash the water moccasin!
The water moccasin is heavily wounded.
You hear the slow rusting of a drain nearby.
The water moccasin bites you but does no damage.
The water moccasin bites you.
You hit the water moccasin.
The water moccasin is heavily wounded.
Your transformation is almost over.
The water moccasin bites you.
* * * LOW HITPOINT WARNING * * *
The water moccasin bites you.
* * * LOW HITPOINT WARNING * * *
It was a potion of flight.
You feel more buoyant. The water moccasin bites you!
* * * LOW HITPOINT WARNING * * *
It was a potion of might.
You feel very mighty all of a sudden. The water moccasin misses you.
The water moccasin barely misses you.
It was a potion of brilliance.
You feel clever all of a sudden. The water moccasin bites you.
* * * LOW HITPOINT WARNING * * *
You miss the water moccasin.
Your headbutt misses the water moccasin.
The water moccasin is heavily wounded.
The water moccasin closely misses you.
The water moccasin completely misses you.
You closely miss the water moccasin.
Your headbutt misses the water moccasin.
The water moccasin is heavily wounded.
The water moccasin looks more healthy.
The water moccasin bites you.
* * * LOW HITPOINT WARNING * * *
The water moccasin bites you.
You die...

#.# #.# #.# #.### #.#..
#.#.# .# #.#.# #####.$.#
#@#.# #........
#S#.###.###....
#.#.##.........
############.......####...
.....§§§§§.##...#.##
###..§§§§....†....#
....######.##...### ###
#.....## #######


You could see a water moccasin.

Vanquished Creatures
  A hound (D:4)
  Jessica (D:3)
  Robin (D:3)
  2 adders (D:3)
  A worm (D:3)
  2 dart slugs
  4 bats
  15 endoplasms
  3 giant cockroaches
  12 goblins
  8 hobgoblins
  7 kobolds
  7 quokkas
  5 ball pythons
  4 frilled lizards
  10 rats
83 creatures vanquished.

Vanquished Creatures (others)
  2 fungi (D:2)
  4 plants (D:2)
6 creatures vanquished.

Grand Total: 89 creatures vanquished

Notes
Turn   | Place    | Note
-------+----------+-------------------------------------------
     0 | D:1      | Banquo the Djinni Hunter began the quest for the Orb.
     0 | D:1      | Reached XP level 1. HP: 18/18 MP: 0/0
   500 | D:1      | Reached XP level 2. HP: 20/23 MP: 0/0
   709 | D:1      | Reached skill level 1 in Spellcasting
  1082 | D:1      | Reached XP level 3. HP: 25/29 MP: 0/0
  1082 | D:1      | Learned a level 1 spell: Beastly Appendage
  1622 | D:1      | Reached skill level 3 in Fighting
  2449 | D:1      | Reached XP level 4. HP: 29/35 MP: 0/0
  2991 | D:2      | Found a faded altar of an unknown god.
  3777 | D:3      | Noticed Jessica
  3784 | D:3      | Killed Jessica
  3785 | D:3      | Reached skill level 4 in Fighting
  3785 | D:3      | Reached XP level 5. HP: 39/41 MP: 0/0
  3785 | D:3      | Learned a level 2 spell: Slow
  4159 | D:3      | Noticed Robin
  4856 | D:3      | Killed Robin
  5625 | D:4      | Noticed a water moccasin
  5638 | D:4      | HP: 2/42 [water moccasin (3)]
  5640 | D:4      | Slain by a water moccasin

Illustrated notes

Levels and vault maps discovered:
D:1:      dpeg_arrival_connections, layout_basic
D:2:      layout_rooms, shapermc_ecumenical_altar_mp_urbaneastern
D:3:      layout_loops_corners, dk_vineyard_2, serial_park_tiny_2,
          kennysheep_jessica_study, uniq_robin
D:4:      layout_loops_ring, temple_pool_b, portal_sewer_entry_b, uniq_menkaure,
          uniq_grinder, uniq_edmund

Skill      XL: |  1  2  3  4  5 |
---------------+----------------+-----
Spellcasting   | 1 2 |  2.0
Fighting       | 3 4 |  4.7
Throwing       | |  3.2
Dodging        | |  2.1
Stealth        | |  0.7

Action                   |  1- 3 |  4- 6 || total
-------------------------+-------+-------++-------
Melee: Short sword       |   153 |    47 ||   200
       Spear             |       |    30 ||    30
       Hand axe          |       |    69 ||    69
 Cast: Slow              |       |     1 ||     1
       Beastly Appendage |       |     1 ||     1
  Use: Scroll            |       |     9 ||     9
       Potion            |       |     3 ||     3
 Stab: Sleeping          |     3 |     3 ||     6
Armor: Leather armour    |    27 |    37 ||    64
Dodge: Dodged            |    76 |    76 ||   152
